cohdb
Replays
Latest Replays
All Replays
Popular Replays
Top Player Replays
Match Explorer
How It Works
Community
CoH3 Stats
Reddit
Sign in to upload your games and track your stats! →
Sign in with Steam
Match 39783458
Unlisted
Match 39783458
Overview
Messages
Build Orders
End
Construct Infanterie Kompanie
Selects Terror Battlegroup
Selects Machine Gun Camouflage
Grenadier Squad
MG 42 Machine Gun Team
GrW 34 Mortar Team
Grenadier Squad
Construct Luftwaffe Kompanie
Jäger Squad
221 Scout Car
matjouz
Sarmynation
Pero
Burnt_Steak
0
0
Comments
sign in to comment!
No comments posted yet!